 Dungeon Crawl Stone Soup version 0.29-a0-483-g69413ace17 (webtiles) character file.

Game seed: 11684122054338296971

7466 dolemite99 the Slinger (level 10, -5/76 (77) HPs)
             Began as a Demonspawn Gladiator on May 26, 2022.
             Was a High Priest of Vehumet.
             Slain by a shadow (31 damage)
             ... on level 9 of the Dungeon.
             The game lasted 00:16:19 (11900 turns).

dolemite99 the Slinger (Demonspawn Gladiator)      Turns: 11900, Time: 00:16:19

HP:   -5/76 (77)    AC: 20    Str: 18    XL:     10   Next: 94%
MP:   10/10         EV: 11    Int:  9    God:    Vehumet [*****.]
Gold: 497           SH:  4    Dex: 16    Spells: 2/9 levels left

rFire   . . .      SeeInvis .   a - +2 quarterstaff (spect)
rCold   . . .      Faith    .   (shield currently unavailable)
rNeg    . . .      Spirit   .   I - +6 scale mail of Duck's Teeth {rElec}
rPois   .          Reflect  .   (helmet restricted)
rElec   +          Harm     .   n - +2 cloak {Will+}
rCorr   .          Rampage  .   (no gloves)
Will    +....                   (no boots)
Stlth   ..........              (no amulet)
HPRegen 0.22/turn               (no ring)
MPRegen 0.12/turn               (no ring)

@: lightly drained
A: antennae 1, icy blue scales 2, demonic guardian 2, condensation shield
a: Renounce Religion


You were on level 9 of the Dungeon.
You worshipped Vehumet.
Vehumet was extremely pleased with you.
You visited 1 branch of the dungeon, and saw 9 of its levels.
You also visited: Bailey.

You collected 497 gold pieces.

Inventory:

Hand Weapons
 a - a +2 spectral quarterstaff (weapon)
 b - a +2 hunting sling of freezing
 k - a +0 quarterstaff
 w - a +3 quarterstaff of chaos
 H - a +1 flail of protection
 T - a +2 morningstar
 V - a +3 flail of freezing
Missiles
 d - 2 throwing nets (quivered)
 e - a javelin
 E - 5 boomerangs
 N - 22 poisoned darts
Armour
 c - a +0 helmet
 j - a +0 robe
 n - a +2 cloak of willpower (worn)
 q - a +0 chain mail
 s - a scarf of shadows
 y - a scarf of invisibility
 C - a +0 leather armour
 I - the +6 scale mail of Duck's Teeth (worn) {rElec}
   (You found it on level 5 of the Dungeon)

   rElec:     It insulates you from electricity.
 K - a +0 pair of gloves
Jewellery
 f - a ring of protection from fire
 t - the ring of the Dolphin {*Slow Fly rPois Will+ Dex+2}
   (You acquired it on level 3 of the Dungeon)

   [ring of poison resistance]

   Dex:       It affects your dexterity (+2).
   rPois:     It protects you from poison.
   Fly:       It grants you flight.
   *Slow:     It may slow you when you take damage.
   Will:      It increases your willpower.
 v - a ring of fire
 D - a +4 ring of protection
 Q - a ring of willpower
Wands
 x - a wand of digging (10)
 L - a wand of flame (5)
 S - a wand of paralysis (2)
 U - a wand of iceblast (5)
Scrolls
 g - 2 scrolls of blinking
 h - a scroll of vulnerability
 m - 2 scrolls of immolation
 P - a scroll of magic mapping {unknown}
 R - a scroll of enchant armour {unknown}
Potions
 i - a potion of ambrosia
 l - 6 potions of magic
 o - a potion of lignification
 p - 4 potions of flight
 r - 3 potions of heal wounds
 u - 4 potions of brilliance
 z - a potion of resistance
 A - 2 potions of berserk rage
 B - 2 potions of degeneration
 F - 2 potions of haste
 G - 4 potions of curing
 J - a potion of attraction {unknown}
 M - a potion of might {unknown}
 O - a potion of mutation {unknown}


   Skills:
 + Level 6.4 Fighting
 * Level 9.9 Staves
 - Level 11.8(11.9) Slings
 - Level 1.7(7.7) Throwing
 + Level 6.7 Armour
 - Level 2.8 Dodging


You had 2 spell levels left.
You knew the following spells:

 Your Spells              Type           Power      Damage    Failure   Level
a - Mephitic Cloud        Conj/Pois/Air  0%         N/A       61%         3
b - Sticky Flame          Conj/Fire      0%         2d3       93%         4

Your spell library contained the following spells:

 Spells                   Type           Power      Damage    Failure   Level
 Magic Dart               Conj           0%         1d3       28%         1
 Searing Ray              Conj           0%         2d4       38%         2
 Ignite Poison            Fire/Tmut/Pois 0%         N/A       61%         3
 Fulminant Prism          Conj/Hex       0%         3d6       93%         4
 Tukima's Dance           Hex            0%         N/A       98%         3
 Freezing Cloud           Conj/Ice/Air   0%         6-21      99%         5
 Yara's Violent Unravell  Hex/Tmut       0%         3d3       99%         5
 Animate Dead             Necr           0%         N/A       100%        4
 Passage of Golubria      Tloc           0%         N/A       100%        4
 Haunt                    Necr/Summ      0%         N/A       100%        7
 Infestation              Necr           0%         N/A       100%        8


Dungeon Overview and Level Annotations

Branches:
Dungeon (9/15)             Temple (0/1) D:6          Bailey (visited)
   Lair: D:8-11         Orc: D:9-12

Altars:
Gozag
Ru
Uskayaw
Vehumet
Xom
Yredelemnul
The Shining One

Annotations:
D:7 1 runed translucent door, spaghetti's ghost, novice DsBe


Innate Abilities, Weirdness & Mutations

You have a pair of small antennae on your head.
You are mostly covered in icy blue scales. (AC +3)
A demonic guardian rushes to your aid.
A meltable shield of frost defends you. (SH +4)


Message History

The centaur shouts!
Something hits you but does no damage. x2; The centaur shoots an arrow.
The arrow hits you.
The centaur shoots an arrow.
Something hits you but does no damage.
The centaur shoots an arrow.
The arrow hits you but does no damage. Something hits you but does no damage.
You closely miss something. Something hits you but does no damage.
The centaur shoots an arrow.
The arrow hits you but does no damage.
You hit something but do no damage. Something hits you but does no damage.
The centaur shoots an arrow.
You miss something. Something hits you but does no damage.
The howler monkey hoots and howls with incredible vigour!
You hear a bellow! x3
You hit something. Something completely misses you.
You thump something! Vehumet accepts your kill.
Reactivating autopickup.
You feel a bit more experienced.
The centaur shoots an arrow.
The arrow hits you.
The centaur unwields a +0 shortbow.
You block the centaur's attack. x2
The centaur hits you.
The centaur kicks you but does no damage.
You hit the centaur.
The centaur is almost dead.
The centaur hits you but does no damage.
The centaur completely misses you.
You hit the centaur.
The centaur is almost dead.
The centaur closely misses you.
The centaur kicks you but does no damage.
The howler monkey hoots and howls with incredible vigour!
You hear a howl!
You hear a shout!
You hear two shouts!
You hear a roar!
You hear two shouts!
You hear an angry hiss.
You hear an angry buzzing noise.
You hear a bellow!
You hit the centaur.
You kill the centaur!
Vehumet accepts your kill.
Deactivating autopickup; reactivate with Ctrl-A.
You closely miss something.
The shadow strikes at you from the darkness!
You die...

#.#c# #......# #.##
##...###..###.# #.##
#..{##......#.# #.##
##'#.#.....#.#.## #.##
#.c###..........# #.# {
##.o.)))##.#.##..# #.#
#..4...ho#.#)##..#####.# ####
##[....##{#.#.##........#
#<.###
#.....###@#.#.##.########
#..#.# #....## #.#.#.##..###
## #....# ##..##
#.#.#.#.))..# .. #..###
##.#.## #.#.#.#.P)P.##.# #
#..#
##.###.###.#.#...[_.....#
...# #.##
##......#...P.P..### ).##
#..###<).......#.....##
).#####.#.#.........>....#.#
........##.##.#.#####....#...


You could see an orc warrior and a howler monkey (catching breath).

Vanquished Creatures
  A two-headed ogre (D:9)
  Pikel (D:9)
  A gargoyle (Bailey)
  An unseen horror (D:9)
  A hornet (D:9)
  Sigmund (D:3)
  5 yaks (D:8)
  A steam dragon (D:7)
  2 water moccasins
  2 black bears
  3 orc warriors
  An ice beast (D:6)
  A sky beast (D:6)
  2 ogres (D:6)
  3 centaurs
  4 lemures (D:9)
  4 kobold brigands
  3 bullfrogs
  3 necrophages
  3 scorpions
  3 wights (D:9)
  A killer bee (D:9)
  6 wolf zombies (Bailey)
  A howler monkey (D:6)
  8 vampire bats (Bailey)
  7 hounds
  4 jellies
  Crazy Yiuf (D:3)
  2 orc priests (D:8)
  3 gnoll shamans
  6 iguanas
  Natasha (thrice) (D:3)
  5 orc wizards
  12 gnolls
  7 adders
  A shadow imp (D:8)
  A white imp (D:8)
  2 ufetubi
  3 worms
  5 dart slugs
  28 orcs
  9 endoplasms
  4 giant cockroaches
  13 goblins
  5 hobgoblins
  13 jackals
  31 kobolds
  4 quokkas
  5 ball pythons
  6 bats
  3 frilled lizards (D:1)
  21 orc zombies (Bailey)
  6 rats
272 creatures vanquished.

Vanquished Creatures (collateral kills)
  An orc warrior (D:9)
  A black bear (D:7)
  A kobold brigand (D:9)
  3 wights (D:9)
  2 killer bees (D:9)
  A hound (D:4)
  An orc priest (D:6)
  3 orcs
  2 kobolds (D:9)
15 creatures vanquished.

Vanquished Creatures (others)
  A fungus (D:3)
1 creature vanquished.

Grand Total: 288 creatures vanquished

Notes
Turn   | Place    | Note
-------+----------+-------------------------------------------
     0 | D:1      | dolemite99 the Demonspawn Gladiator began the quest for the
                  | Orb.
     0 | D:1      | Reached XP level 1. HP: 16/16 MP: 1/1
   191 | D:1      | Gained mutation: A meltable shield of frost defends you.
                  | (SH +4) [demonic ancestry]
   191 | D:1      | Reached XP level 2. HP: 16/22 MP: 2/2
  1149 | D:1      | Gained mutation: You are partially covered in icy blue
                  | scales. (AC +2) [demonic ancestry]
  1149 | D:1      | Reached XP level 3. HP: 25/27 MP: 3/3
  1684 | D:1      | Found a faded altar of an unknown god.
  1756 | D:1      | Prayed at the altar of an unknown god.
  1756 | D:1      | Became a worshipper of Vehumet
  1756 | D:1      | Reached * piety under Vehumet
  1756 | D:1      | Offered knowledge of Freeze by Vehumet.
  1956 | D:2      | Reached XP level 4. HP: 33/33 MP: 4/4
  2427 | D:2      | Reached ** piety under Vehumet
  2427 | D:2      | Offered knowledge of Searing Ray by Vehumet.
  2467 | D:2      | Found Xech's Jewellery Boutique.
  3242 | D:3      | Reached skill level 5 in Staves
  3447 | D:3      | Identified 3 scrolls of acquirement
  3453 | D:3      | Gained mutation: You are mostly covered in icy blue scales.
                  | (AC +3) [demonic ancestry]
  3453 | D:3      | Reached XP level 5. HP: 38/38 MP: 5/5
  3463 | D:3      | Acquired a manual of Slings
  3465 | D:3      | Acquired a +1 spectral quarterstaff
  3467 | D:3      | Acquired the ring of the Dolphin {*Slow Fly rPois Will+
                  | Dex+2}
  3672 | D:3      | Noticed Natasha
  3680 | D:3      | Killed Natasha
  3873 | D:3      | Noticed Natasha
  3878 | D:3      | Killed Natasha
  3974 | D:3      | Noticed Sigmund
  3986 | D:3      | Killed Sigmund
  3987 | D:3      | Gained mutation: A weak demonic guardian rushes to your
                  | aid. [demonic ancestry]
  3987 | D:3      | Reached XP level 6. HP: 38/44 MP: 6/6
  4064 | D:3      | Noticed Natasha
  4069 | D:3      | Killed Natasha
  4950 | D:3      | Found a runed translucent door.
  4951 | D:3      | Noticed Crazy Yiuf
  4966 | D:3      | Killed Crazy Yiuf
  5151 | D:4      | Reached XP level 7. HP: 50/50 MP: 7/7
  5235 | D:4      | Offered knowledge of Frozen Ramparts by Vehumet.
  5716 | D:4      | Reached skill level 1 in Slings
  5865 | D:4      | Reached skill level 2 in Slings
  5992 | D:4      | Reached *** piety under Vehumet
  5995 | D:4      | Reached skill level 3 in Slings
  6224 | D:5      | Entered Level 5 of the Dungeon
  6276 | D:5      | Reached skill level 4 in Slings
  6424 | D:5      | Gained mutation: You have a pair of small antennae on your
                  | head. [demonic ancestry]
  6424 | D:5      | Reached XP level 8. HP: 51/56 MP: 8/8
  6491 | D:5      | Reached skill level 5 in Slings
  6988 | D:5      | Reached skill level 6 in Slings
  7130 | D:5      | Reached skill level 7 in Slings
  7153 | D:5      | Identified the +6 scale mail of Duck's Teeth {rElec}
  7405 | D:5      | Offered knowledge of Hailstorm by Vehumet.
  7445 | D:6      | Reached skill level 8 in Slings
  7598 | D:6      | Reached skill level 9 in Slings
  7626 | D:6      | Reached skill level 10 in Slings
  7655 | D:6      | Reached XP level 9. HP: 31/61 MP: 9/9
  7905 | D:6      | Reached skill level 11 in Slings
  7950 | D:6      | Found a staircase to the Ecumenical Temple.
  8051 | D:6      | Learned a level 3 spell: Mephitic Cloud
  8455 | D:7      | Reached **** piety under Vehumet
  8608 | D:7      | Offered knowledge of Fulminant Prism by Vehumet.
  8954 | D:7      | Found a runed translucent door.
  8967 | D:7      | Noticed spaghetti's ghost (novice DsBe)
  9021 | D:8      | Reached skill level 1 in Armour
  9223 | D:8      | Found a flagged portal.
  9237 | Bailey   | Entered a bailey
  9493 | Bailey   | Reached ***** piety under Vehumet
  9546 | Bailey   | Offered knowledge of Sticky Flame by Vehumet.
  9569 | Bailey   | Learned a level 4 spell: Sticky Flame
  9797 | Bailey   | Noticed a gargoyle
  9805 | Bailey   | Killed a gargoyle
  9806 | Bailey   | Reached skill level 5 in Armour
  9806 | Bailey   | Gained mutation: A demonic guardian rushes to your aid.
                  | [demonic ancestry]
  9806 | Bailey   | Reached XP level 10. HP: 60/73 MP: 10/10
 10162 | D:8      | Reached skill level 5 in Fighting
 10718 | D:9      | Noticed a two-headed ogre
 10729 | D:9      | Killed a two-headed ogre
 10766 | D:9      | Found an opulent altar of Gozag.
 10766 | D:9      | Found a shimmering altar of Xom.
 10766 | D:9      | Found a hide-covered altar of Uskayaw.
 10935 | D:9      | Found a sacrificial altar of Ru.
 11230 | D:9      | Found a basalt altar of Yredelemnul.
 11614 | D:9      | Noticed Pikel
 11629 | D:9      | Killed Pikel
 11900 | D:9      | Slain by a shadow

Illustrated notes

Levels and vault maps discovered:
D:1:      grunt_arrival_lava_bath, layout_rooms,
          hellmonk_ecumenical_altar_blasted, minmay_cupped
D:2:      layout_rooms, serial_shops, nicolae_shop_advertising_works
          [nicolae_subvault_shop_adworks]
D:3:      layout_basic, st_stairs_5, cheibrodos_gnoll_hut, uniq_sigmund,
          uniq_crazy_yiuf_cottage, uniq_natasha
D:4:      layout_cave_pools
D:5:      layout_gridville
D:6:      layout_cave_pools, minmay_temple_entry_wispy, dk_noncrumbling_2
D:7:      layout_basic, ebering_ghost_reflecting_pool
D:8:      black_bear_nest_1, layout_rooms, lemuel_crystal_altar, enter_bailey_5
D:9:      minmay_slanted_spiral_squares, layout_loops_ring,
          nicolae_ru_awakened_eye, gammafunk_temple_overflow_claw,
          yredelemnul_altar_generic, uniq_pikel

Skill      XL: |  1  2  3  4  5  6  7  8  9 10 |
---------------+-------------------------------+-----
Staves         | 3 4 5 6 7 8 9 |  9.9
Slings         | 4 10 11 | 11.8
Fighting       | 4 6 |  6.4
Armour         | 5 6 |  6.7
Throwing       | |  1.7
Dodging        | |  2.8

Action                   |  1- 3 |  4- 6 |  7- 9 | 10-12 || total
-------------------------+-------+-------+-------+-------++-------
Melee: Quarterstaff      |   120 |   196 |   160 |    75 ||   551
 Fire: Hunting sling     |       |       |   222 |   149 ||   371
Throw: Throwing net      |     2 |       |       |       ||     2
  Use: Scroll            |     1 |    12 |    12 |     1 ||    26
       Potion            |       |     1 |       |     3 ||     4
 Stab: Held in net/web   |     1 |       |       |       ||     1
       Invisible         |       |     1 |       |       ||     1
       Distracted        |       |       |     2 |     1 ||     3
Armor: Leather armour    |    60 |       |       |       ||    60
       Chain mail        |       |   144 |    48 |       ||   192
       Scale mail        |       |       |   139 |   107 ||   246
Dodge: Dodged            |   103 |    94 |   129 |    82 ||   408
Block: Other             |    24 |    47 |    55 |    38 ||   164

Table legend: (Time is in decaauts)
 A = Elapsed time spent in this place.
 B = Non-inter-level travel time spent in this place.
 C = Inter-level travel time spent in this place.
 D = Time resting spent in this place.
 E = Time spent auto-exploring this place.
 F = Levels seen in this place.
 G = Mean time per level.
                   A        B        C        D        E       F      G
               +--------+--------+--------+--------+--------+-----+--------+
         Total |  11923 |  11631 |    292 |   2984 |   6064 |  10 | 1192.3 |
       Dungeon |  11232 |  10940 |    292 |   2984 |   5678 |   9 | 1248.0 |
        Bailey |    690 |    690 |      0 |      0 |    386 |   1 |  690.0 |
               +--------+--------+--------+--------+--------+-----+--------+

Top non-repeatable levels by time:
     D:3: 2228 daAuts
     D:1: 2125 daAuts
     D:5: 1220 daAuts
     D:9: 1215 daAuts
     D:4: 1089 daAuts
     D:8: 976 daAuts
     D:6: 834 daAuts
     D:2: 819 daAuts
     D:7: 723 daAuts
  Bailey: 690 daAuts
